 Dungeon Crawl Stone Soup version 0.26-a0-257-g47e9e61525 (webtiles) character file.

Game seed: 3328929643160438835

6 Infinimo the Ducker (level 1, 0/11 HPs)
             Began as a Spriggan Berserker on July 10, 2020.
             Was a Follower of Trog.
             Slain by a hobgoblin
             ... wielding a +0 club
              (4 damage)
             ... while paralysed
             ... on level 1 of the Dungeon.
             The game lasted 00:01:15 (206 turns).

Infinimo the Ducker (Spriggan Berserker)             Turns: 206, Time: 00:01:16

Health: 0/11       AC:  2    Str: 13    XL:     1   Next: 75%
Magic:  2/2        EV:  4    Int:  8    God:    Trog [*.....]
Gold:   0          SH:  0    Dex: 15    Spells: 0/0 levels left

rFire    . . .     SeeInvis +   a - +0 short sword
rCold    . . .     Faith    .   (shield restricted)
rNeg     . . .     Spirit   .   b - +0 animal skin
rPois    .         Reflect  .   (helmet restricted)
rElec    .         Harm     .   (no cloak)
rCorr    .                      (gloves unavailable)
MR       .....                  (boots unavailable)
Stlth    ++........             (no amulet)
HPRegen  0.03/turn              (no ring)
MPRegen  0.08/turn              (no ring)

@: paralysed, berserk cooldown, slowed, very quick
A: very small, unfitting armour, see invisible, herbivore, speed 3, slow
metabolism 2
a: Berserk, Renounce Religion


You were on level 1 of the Dungeon.
You worshipped Trog.
Trog was aware of your devotion.
You were not hungry.

You visited 1 branch of the dungeon, and saw 1 of its levels.

Inventory:

Hand Weapons
 a - a +0 short sword (weapon)
Armour
 b - a +0 animal skin (worn)
Jewellery
 d - an uncursed ring of ice {unknown}
Comestibles
 c - 2 rations


   Skills:
 - Level 2.4 Fighting
 + Level 3.4 Short Blades
 + Level 4.6 Dodging
 + Level 1.2 Stealth


You couldn't memorise any spells.
You didn't know any spells.
Your spell library was empty.

Dungeon Overview and Level Annotations

Branches:
Dungeon (1/15)

Altars:


Innate Abilities, Weirdness & Mutations

You are very small and have problems with some larger weapons.
You are too small for most types of armour.
You have supernaturally acute eyesight. (SInv)
You are a herbivore.
You cover ground extremely quickly.
You need to consume almost no food.


Message History

You are too injured to fight recklessly!
The rat bites you.
You puncture the rat!
You kill the rat!
Trog accepts your kill.
Your Stealth skill increases to level 1!
You puncture the kobold!
You kill the kobold!
Trog accepts your kill.
You see here a +0 club.
You puncture the kobold!
You kill the kobold!
Trog accepts your kill.
You see here a kobold corpse.
You feel a strong urge to attack something.
You are no longer berserk.
You pass out from exhaustion.
You feel yourself slow down. The hobgoblin hits you with a +0 club.
You die...

#################.
#......†).....[...
#.##...########### #...@##
##...gg###############
#...........[...........
#.#..$.g................ #
##.....#..#..#..#..#..
.##....................
............$..........
...#......#..#..#..#..#..
....##....................


You could see 2 hobgoblins and a goblin.

Vanquished Creatures
  A leopard gecko (D:1)
  A giant cockroach (D:1)
  2 kobolds (D:1)
  A rat (D:1)
5 creatures vanquished.

Notes
Turn   | Place    | Note
-------+----------+-------------------------------------------
     0 | D:1      | Infinimo the Spriggan Berserker began the quest for the
                  | Orb.
     0 | D:1      | Reached XP level 1. HP: 11/11 MP: 2/2
   196 | D:1      | Reached skill level 1 in Stealth
   206 | D:1      | Slain by a hobgoblin

Illustrated notes

Levels and vault maps discovered:
D:1:      co_arrival_hall_of_pillars, layout_basic, chequers_arboretum,
          grunt_decor_cap, chequers_serial_rivers_room_b, grunt_decor_arrowhead

Skill      XL: |  1 |
---------------+----+-----
Stealth        | 1 |  1.2
Fighting       | |  2.4
Short Blades   | |  3.4
Dodging        | |  4.6

Action                   || total
-------------------------++-------
Melee: Short sword       ||    14
Invok: Berserk           ||     2
Armor: Animal skin       ||     2
Dodge: Dodged            ||     9

Table legend:
 A = Non-vault XP
 B = Vault XP
 C = Vault XP percentage of total XP
 D = Non-vault monster count
 E = Vault monster count
 F = Vault count percentage of total count
                 A         B        C        D         E       F
            +---------+---------+-------+---------+---------+-------
      Total |       9 |       0 |   0.0 |       5 |       0 |   0.0
            +---------+---------+-------+---------+---------+-------
        D:1 |       9 |       0 |   0.0 |       5 |       0 |   0.0
            +---------+---------+-------+---------+---------+-------
